 Dungeon Crawl Stone Soup version 0.26-a0-859-gf57989e088 (webtiles) character file.

Game seed: 11313131514932717322

473 Conn the Sneak (level 7, -1/43 HPs)
             Began as an Octopode Fire Elementalist on Nov 25, 2020.
             Hit by a goblin thrown by Robin (3 damage)
             ... on level 5 of the Dungeon.
             The game lasted 00:15:04 (4679 turns).

Conn the Sneak (Octopode Fire Elementalist)         Turns: 4679, Time: 00:15:05

Health: -1/43      AC:  1    Str:  7    XL:     7   Next: 10%
Magic:  13/13      EV: 14    Int: 19    God:
Gold:   209        SH:  0    Dex: 13    Spells: 3/14 levels left

rFire    + . .     SeeInvis .   u - +3 spear
rCold    . . .     Faith    .   (no shield)
rNeg     . . .     Spirit   .   (helmet restricted)
rPois    .         Reflect  .   (no amulet)
rElec    .         Harm     .   q - ring of protection from fire
rCorr    .         Rampage  .   (no ring)
MR       .....                  (no ring)
Stlth    ++++......             (no ring)
HPRegen  0.14/turn              (no ring)
MPRegen  0.13/turn              (no ring)
                                (no ring)
                                (no ring)

@: no status effects
A: almost no armour, stealthy swim, amphibious, 8 rings, constrict 8, camouflage
1, gelatinous body 1
a: no special abilities


You were on level 5 of the Dungeon.
You visited 1 branch of the dungeon, and saw 5 of its levels.

You collected 209 gold pieces.

Inventory:

Hand Weapons
 d - a +0 short sword
 u - a +3 spear (weapon)
Missiles
 l - 11 poisoned darts (quivered)
Magical Staves
 t - an uncursed staff of death
Jewellery
 q - a ring of protection from fire (left tentacle)
Scrolls
 a - a scroll of remove curse
 c - 2 scrolls of teleportation
 e - 4 scrolls of identify {unknown}
 m - a scroll of enchant armour
 o - 3 scrolls of noise {unknown}
 r - a scroll of fog {unknown}
 s - 2 scrolls of enchant weapon {unknown}
Potions
 b - a potion of curing
 f - 3 potions of heal wounds {unknown}
 g - a potion of mutation {unknown}
 i - 2 potions of ambrosia {unknown}
 j - a potion of lignification {unknown}
 k - 3 potions of brilliance {unknown}
 p - a potion of degeneration {unknown}


   Skills:
 + Level 1.1 Fighting
 + Level 0.6 Short Blades
 + Level 2.9 Dodging
 + Level 5.2 Stealth
 * Level 4.1 Spellcasting
 * Level 3.1 Conjurations
 + Level 4.0 Fire Magic


You had 3 spell levels left.
You knew the following spells:

 Your Spells              Type           Power        Failure   Level
a - Foxfire               Conj/Fire      ###.         3%          1
b - Conjure Flame         Conj/Fire      ###.....     10%         3
c - Inner Flame           Hex/Fire       ##......     19%         3
d - Sticky Flame          Conj/Fire      ###.....     30%         4

Your spell library contained the following spells:

 Spells                   Type           Power        Failure   Level
 Animate Skeleton         Necr           #.....       14%         1
 Apportation              Tloc           #.....       14%         1
 Corona                   Hex            #......      14%         1
 Summon Small Mammal      Summ           #...         14%         1
 Confusing Touch          Hex            #.......     38%         3
 Gell's Gravitas          Tloc           #.........   38%         3
 Fireball                 Conj/Fire      ###.......   65%         5
 Petrify                  Tmut/Erth      #.......     80%         4
 Metabolic Englaciation   Hex/Ice        #.........   98%         5
 Yara's Violent Unravell  Hex/Tmut       #.........   98%         5


Dungeon Overview and Level Annotations

Branches:
Dungeon (5/15)
 Temple: D:4-7

Altars:
Trog

Annotations:
D:5 Robin


Innate Abilities, Weirdness & Mutations

You cannot wear most types of armour.
You are very stealthy in the water. (Stealth+)
You are amphibious.
You can wear up to eight rings at the same time.
You can use your tentacles to constrict eight enemies at once.
Your skin changes colour to match your surroundings (Stealth+).
Your rubbery body absorbs attacks. (AC +1, EV +1)


Message History

You hear the sound of rushing water.
There is an entrance to a sewer on this level.
Hurry and find it before the portal rusts away!
You feel sick. Something hits you. Something shocks you.
* * * LOW HITPOINT WARNING * * *
Deactivating autopickup; reactivate with Ctrl-A.
Something hits you.
* * * LOW HITPOINT WARNING * * *
Something shocks you.
* * * LOW HITPOINT WARNING * * *
There is a stone staircase leading up here.
You feel better. The goblin hits you with a +0 club.
* * * LOW HITPOINT WARNING * * *
The worker ant misses you. Something hits you.
* * * LOW HITPOINT WARNING * * *
Something shocks you.
* * * LOW HITPOINT WARNING * * *
The goblin hits you.
* * * LOW HITPOINT WARNING * * *
Robin throws the goblin at you!
You die...

** *,* *,* **#####...###.# * *,*
****#,### ##.## ### * *.#
#..,....##*### #.# ###.*
#.#*#.#..,,..# #.# #..,* #.#
#.#.#**#.# *#'## #.#** #.# #.#.##
#.#*#...## ##.# #.# #....#
#.##.....## ##..# #.# #.ggg#
#.#.......#*
#...######.###.B@g###.....[....##
...............g...............+.
#..####################.........#
##.#,,,,,,,,(.......§Y........#.#
###,,*,,,*,..#..(#...#......#...
*_,,,,,,,............#...#####
*,,*,,,*,,.#...#...####+##**∩#
*,,,,,,,,...........# *,* **+#
**********############ *,* *,,*


You could see a worker ant, Robin and 4 goblins.

Vanquished Creatures
  A centaur (D:5)
  3 wights (D:5)
  An orc priest (D:4)
  Jessica (D:2)
  A worker ant (D:3)
  10 adders
  A white imp (D:3)
  2 oozes
  An adder skeleton (D:4)
  5 worms (D:2)
  4 dart slugs
  4 orcs
  5 bats
  5 giant cockroaches
  8 goblins
  3 hobgoblins
  2 jackals (D:5)
  9 kobolds
  A quokka (D:2)
  A ball python (D:2)
  2 frilled lizards (D:2)
  6 rats
76 creatures vanquished.

Vanquished Creatures (others)
  217 foxfires
217 creatures vanquished.

Grand Total: 293 creatures vanquished

Notes
Turn   | Place    | Note
-------+----------+-------------------------------------------
     0 | D:1      | Conn the Octopode Fire Elementalist began the quest for the
                  | Orb.
     0 | D:1      | Reached XP level 1. HP: 11/11 MP: 3/3
   177 | D:1      | Reached XP level 2. HP: 17/17 MP: 1/5
   681 | D:1      | Reached skill level 3 in Stealth
   688 | D:1      | Reached XP level 3. HP: 12/21 MP: 6/6
   694 | D:1      | Learned a level 3 spell: Conjure Flame
  1597 | D:2      | Reached skill level 1 in Fighting
  1597 | D:2      | Reached XP level 4. HP: 20/28 MP: 6/8
  1708 | D:2      | Learned a level 3 spell: Inner Flame
  1978 | D:2      | Noticed Jessica
  1983 | D:2      | Killed Jessica
  2301 | D:3      | Reached XP level 5. HP: 18/33 MP: 3/9
  3373 | D:3      | Reached XP level 6. HP: 38/38 MP: 6/11
  4078 | D:3      | Learned a level 4 spell: Sticky Flame
  4129 | D:5      | Entered Level 5 of the Dungeon
  4140 | D:5      | Reached skill level 4 in Stealth
  4242 | D:5      | Noticed a sky beast
  4288 | D:5      | Found a bloodstained altar of Trog.
  4289 | D:5      | Noticed a moth of wrath
  4435 | D:5      | Reached skill level 5 in Stealth
  4473 | D:5      | Reached XP level 7. HP: 30/43 MP: 1/13
  4676 | D:4      | Noticed Robin
  4678 | D:5      | HP: 2/43 [something (5)]
  4679 | D:5      | Hit by a goblin thrown by Robin

Illustrated notes

Levels and vault maps discovered:
D:1:      dpeg_arrival_rooms_a, layout_loops_ring
D:2:      layout_rooms, wad_floor_pattern_untrapped,
          chequers_serial_rivers_micro_a, minmay_tetromino_l2, uniq_jessica
D:3:      minmay_general_purpose_star, layout_loops_ring
D:4:      layout_rooms, nzn_random_ring, uniq_robin
D:5:      layout_loops_corners, lemuel_coloured_pillars_altar, tgw_trog,
          cheibrodos_sewer_entry_drain, serial_shops,
          nicolae_shop_window_shopping, uniq_prince_ribbit1

Skill      XL: |  1  2  3  4  5  6 |
---------------+-------------------+-----
Stealth        | 3 5 |  5.2
Fighting       | 1 |  1.1
Spellcasting   | 3 4 |  4.1
Conjurations   | 2 3 |  3.1
Fire Magic     | 4 |  4.0
Short Blades   | |  0.6
Dodging        | |  2.9

Action                   |  1- 3 |  4- 6 |  7- 9 || total
-------------------------+-------+-------+-------++-------
Melee: Unarmed           |     2 |       |       ||     2
       Constrict         |     3 |     5 |     1 ||     9
       Short sword       |    12 |    22 |       ||    34
       Tentacles         |     1 |     6 |     1 ||     8
       Spear             |       |     1 |     4 ||     5
 Cast: Foxfire           |    48 |    73 |     2 ||   123
       Conjure Flame     |       |     4 |     1 ||     5
       Sticky Flame      |       |     2 |       ||     2
  Use: Potion            |     2 |     1 |     1 ||     4
       Scroll            |       |     2 |     3 ||     5
 Stab: Sleeping          |     5 |     5 |     2 ||    12
Armor: Skin              |       |     3 |     1 ||     4
Dodge: Dodged            |    16 |    39 |    11 ||    66

Table legend: (Time is in decaauts)
 A = Elapsed time spent in this place.
 B = Non-inter-level travel time spent in this place.
 C = Inter-level travel time spent in this place.
 D = Time resting spent in this place.
 E = Time spent auto-exploring this place.
 F = Levels seen in this place.
 G = Mean time per level.
                   A        B        C        D        E       F      G
               +--------+--------+--------+--------+--------+-----+--------+
         Total |   4682 |   4596 |     86 |   1177 |   2035 |   5 |  936.4 |
       Dungeon |   4682 |   4596 |     86 |   1177 |   2035 |   5 |  936.4 |
               +--------+--------+--------+--------+--------+-----+--------+

Top non-repeatable levels by time:
     D:3: 1637 daAuts
     D:2: 1180 daAuts
     D:1: 1114 daAuts
     D:5: 548 daAuts
     D:4: 201 daAuts
